[Event "*** Titled Tuesday Blitz"]
[Site "Chess.com"]
[Date "2020.05.19"]
[Round "10"]
[White "kot60"]
[Black "OsorioFernando"]
[Result "0-1"]
[WhiteElo "2360"]
[BlackElo "2276"]
[TimeControl "180+1"]
[EndTime "13:56:43 PDT"]
[Termination "OsorioFernando won on time"]

1. e4 d5 2. exd5 Nf6 3. d4 Bg4 4. Qd3 Qxd5 5. c4 Qf5 6. Qxf5 Bxf5 7. Nf3 Nc6 8. Bd2 O-O-O 9. d5 Nb8 10. Nc3 e6 11. Nh4 Bg4 12. h3 Bh5 13. g4 Bg6 14. dxe6 Bc5 15. f4 Be4 16. Rh2 fxe6 17. g5 Bg1 18. Re2 Bd3 19. gxf6 Bxe2 20. Nxe2 Bf2+ 21. Kxf2 Rxd2 22. fxg7 Rg8 23. Nf3 Rxb2 24. Ng5 Rxg7 25. Nxe6 Re7 26. Ng5 Nc6 27. Nf3 Nb4 28. Ne5 Rxa2 29.
Rd1 a5 30. h4 a4 31. Kf3 Ra3+ 0-1

[Event "*** Titled Tuesday Blitz"]
[Site "Chess.com"]
[Date "2020.05.19"]
[Round "10"]
[White "karinachess1"]
[Black "DinaBelenkaya"]
[Result "1-0"]
[WhiteElo "2506"]
[BlackElo "2241"]
[TimeControl "180+1"]
[EndTime "13:56:44 PDT"]
[Termination "karinachess1 won by resignation"]

1. d4 Nf6 2. Nf3 d5 3. e3 e6 4. b3 c5 5. Bb2 Nc6 6. Nbd2 Bd6 7. a3 a6 8. Bd3 O-O 9. O-O b5 10. dxc5 Bxc5 11. Qe2 Bb7 12. Rad1 Qc7 13. e4 d4 14. e5 Ng4 15. Qe4 f5 16. exf6 Nxf6 17. Qxe6+ Kh8 18. Qh3 Ne5 19. Nxe5 Qxe5 20. Rde1 Qf4 21.
Bc1 Rae8 22. Ne4 Qc7 23. Nxf6 gxf6 24. Bf4 Qg7 25. Bh6 Qf7 26. Bxf8 Rxf8 27. Re2 Rg8 28. f3 Bc8 29. Qh4 f5 30. Rfe1 Qg6 31. Qf4 Bb7 32.
Qe5+ Rg7 33. Qxc5 Bxf3 34. Re8+ Rg8 35. Qe5+ Qg7 36. Rxg8+ Kxg8 1-0

[Event "*** Titled Tuesday Blitz"]
[Site "Chess.com"]
[Date "2020.05.19"]
[Round "10"]
[White "DvaHrasta"]
[Black "H3nriqueTV"]
[Result "1-0"]
[WhiteElo "2434"]
[BlackElo "2085"]
[TimeControl "180+1"]
[EndTime "13:56:44 PDT"]
[Termination "DvaHrasta won by resignation"]

1. c4 c5 2. g3 Nc6 3. Bg2 Nf6 4.
Nc3 e6 5. Nf3 d6 6. O-O Be7 7.
d4 O-O 8. b3 cxd4 9. Nxd4 Bd7 10. Bb2 a6 11. Rc1 Rc8 12. Nc2 Qc7 13. e4 Ne5 14. f4 Qb6+ 15. Kh1 Neg4 16. Qe2 h5 17. h3 Nh6 18. e5 dxe5 19. fxe5 Nh7 20. Qxh5 Bc6 21. Ne4 Bxe4 22. Bxe4 Ng5 23. Bg2 Rcd8 24.
h4 Nh7 25. Rcd1 Rxd1 26. Qxd1 Rd8 27. Qe2 Nf5 28. Rxf5 exf5 29. Ne3 Qg6 30. Nd5 Bf8 31. Kh2 Qg4 32. Bf3 Qg6 33. Nf4 Qh6 34.
Bd5 Kh8 35. e6 fxe6 36. Qxe6 Qxe6 37. Nxe6 Rd7 38. Kg2 b5 39. Kf3 bxc4 40. bxc4 Bd6 41. h5 Nf6 42. h6 Nxd5 43. cxd5 Rb7 44. Bxg7+ Kh7 45. g4 fxg4+ 46. Kxg4 Rb4+ 47. Kf5 Rb5 48. Ng5+ Kg8 49. Kg6 1-0

[Event "*** Titled Tuesday Blitz"]
[Site "Chess.com"]
[Date "2020.05.19"]
[Round "10"]
[White "nabukatnezarr"]
[Black "SameerMujumdar"]
[Result "1-0"]
[WhiteElo "2535"]
[BlackElo "2301"]
[TimeControl "180+1"]
[EndTime "13:56:45 PDT"]
[Termination "nabukatnezarr won by resignation"]

1. d4 Nf6 2. Bg5 e6 3. e4 h6 4.
Bxf6 Qxf6 5. c3 d6 6. Bc4 g6 7.
Ne2 Bg7 8. O-O O-O 9. f4 Qe7 10. e5 c5 11. Nd2 Rd8 12. Qe1 cxd4 13. cxd4 Nc6 14. Kh1 dxe5 15. dxe5 Qb4 16. Rd1 Rxd2 17. Rxd2 Qxc4 18. Qh4 b6 19. Rc1 Qb5 20. Nc3 Qb4 21.
Rcd1 Nxe5 22. Qd8+ Kh7 23. fxe5 Bb7 24. Qd6 Qg4 25.
Qd4 Qg5 26. Qf2 Rf8 27. Rd7 Bc6 28. Rc7 Ba8 29. Rdd7 Qc1+ 30. Nd1 Bd5 31. Rxc1 1-0

[Event "*** Titled Tuesday Blitz"]
[Site "Chess.com"]
[Date "2020.05.19"]
[Round "10"]
[White "Chichin_chao"]
[Black "chessplayer9919"]
[Result "1-0"]
[WhiteElo "2401"]
[BlackElo "2493"]
[TimeControl "180+1"]
[EndTime "13:56:45 PDT"]
[Termination "Chichin_chao won on time"]

1. e4 c6 2. d4 d5 3. Nd2 dxe4 4. Nxe4 Nf6 5. Ng3 e5 6. Nf3 e4 7.
Ng5 Bg4 8. Be2 Bxe2 9. Qxe2 Qxd4 10. N5xe4 Nxe4 11. Nxe4 Be7 12. O-O O-O 13. Rd1 Qe5 14.
Qf3 Na6 15. c3 Nc5 16. Ng3 Bg5 17. Bxg5 Qxg5 18. b4 Ne6 19. Rd7 Rab8 20. Rad1 a5 21. a3 axb4 22. axb4 Qe5 23. h4 Rbd8 24. Nf1 f6 25.
Qg4 Rxd7 26. Rxd7 Rf7 27. Qd1 Rxd7 28. Qxd7 h5 29. Qxb7 Qxc3 30. Qc8+ Nf8 31. b5 Qc4 32. b6 c5 33. b7 1-0

[Event "*** Titled Tuesday Blitz"]
[Site "Chess.com"]
[Date "2020.05.19"]
[Round "10"]
[White "mfwagnerpeixoto"]
[Black "dopolian"]
[Result "0-1"]
[WhiteElo "2227"]
[BlackElo "2350"]
[TimeControl "180+1"]
[EndTime "13:56:46 PDT"]
[Termination "dopolian won on time"]

1. d4 Nf6 2. Nf3 g6 3. c3 Bg7 4. Qc2 d5 5. Bf4 O-O 6. Nbd2 c5 7. e3 Nc6 8. Be2 Bf5 9. Qb3 Qc8 10. O-O c4 11. Qa3 Re8 12. h3 b5 13. Ne5 a5 14.
Qc5 Nxe5 15. Qxc8 Rexc8 16. Bxe5 b4 17. Bf3 e6 18. Rfc1 Bd3 19. b3 cxb3 20. Nxb3 Rxc3 21. Rxc3 bxc3 22. Rc1 c2 23. Nc5 Bf5 24. Bxf6 Bxf6 25.
g4 Rb8 26. gxf5 Rb1 27. Nb3 a4 28. fxe6 axb3 29. exf7+ Kxf7 30. Bxd5+ Kg7 0-1

[Event "*** Titled Tuesday Blitz"]
[Site "Chess.com"]
[Date "2020.05.19"]
[Round "10"]
[White "LiverpooL174"]
[Black "chessdjw"]
[Result "1-0"]
[WhiteElo "2571"]
[BlackElo "2709"]
[TimeControl "180+1"]
[EndTime "13:56:47 PDT"]
[Termination "LiverpooL174 won on time"]

1. Nf3 c5 2. b3 d6 3. Bb2 e5 4. e3 Nc6 5. d4 e4 6. d5 Nce7 7. Ng5 Bf5 8. Bb5+ Bd7 9. Bxd7+ Qxd7 10. Nxe4 O-O-O 11. c4 h5 12. b4 cxb4 13. O-O Rh6 14.
a3 b3 15. Qxb3 Rg6 16. c5 Qg4 17. Ng3 h4 18. h3 Qg5 19. c6 bxc6 20. dxc6 Nxc6 21.
Nc3 hxg3 22. f4 Qa5 23. Rac1 Nge7 24. Qxf7 Rf6 25. Qb3 Rf5 26. e4 Rc5 27. Na4 Rb5 28. Qc2 Kb8 29. Bc3 Qa6 30. Rb1 Ka8 31. Rxb5 Qxb5 32.
Rb1 Qc4 33. Nb2 Qc5+ 34. Kh1 Nd4 35. Qd3 Ne2 36. Na4 Qf2 37. Nb6+ axb6 38. Qa6+ Kb8 39. Rxb6+ Qxb6 40. Qxb6+ Kc8 41. Qa6+ Kd7 42. Qxe2 Rc8 43. Qg4+ Ke8 44. Qxg3 Rc4 45. Bxg7 Rxe4 46. Bxf8 Kxf8 47. Qg5 d5 48. f5 Kf7 49. g4 d4 50. Qd2 Nd5 51.
Qa2 Re5 52. Qc4 Ke7 53. Qxd4 Re1+ 54. Kh2 Ne3 55. Qc5+ Kf7 56. Qc7+ Kg8 57. Qd8+ Kh7 58. Qh4+ Kg8 59. Qxe1 1-0

[Event "*** Titled Tuesday Blitz"]
[Site "Chess.com"]
[Date "2020.05.19"]
[Round "10"]
[White "IwkooO"]
[Black "WhiteCapital80"]
[Result "0-1"]
[WhiteElo "2541"]
[BlackElo "2455"]
[TimeControl "180+1"]
[EndTime "13:56:48 PDT"]
[Termination "WhiteCapital80 won by resignation"]

1. e4 e6 2. d4 d5 3. Nd2 Nf6 4. e5 Nfd7 5. Bd3 c5 6. c3 Nc6 7. Ne2 f6 8. exf6 Nxf6 9. O-O Bd6 10. Nf3 Qc7 11. Bg5 O-O 12. Bh4 e5 13. dxe5 Nxe5 14. Nxe5 Bxe5 15. Bg3 Bg4 16. Qc2 Rae8 17. Rae1 c4 18.
Bf5 Bxf5 19. Qxf5 Ne4 20. Qh5 g6 21. Qh6 Nxg3 22. hxg3 Qc5 23. Qd2 Rd8 24. Rd1 Kg7 25.
Nd4 Rfe8 26. Qg5 Bf6 27. Qg4 Qb6 28. Rd2 Re4 29. Qd1 Bxd4 30. Rxd4 Rxd4 31. cxd4 Qxb2 32. Qa4 Qxd4 33. Rd1 Qc5 34. Qc2 d4 35. Qe2 d3 36.
Qe4 d2 37. Qxb7+ Kh8 38. Qe4 Qd4 39. Qh4 0-1

[Event "*** Titled Tuesday Blitz"]
[Site "Chess.com"]
[Date "2020.05.19"]
[Round "10"]
[White "mbojan"]
[Black "Guenplen"]
[Result "0-1"]
[WhiteElo "2623"]
[BlackElo "2957"]
[TimeControl "180+1"]
[EndTime "13:56:49 PDT"]
[Termination "Guenplen won by resignation"]

1. e4 c5 2. Nf3 e6 3. d4 cxd4 4. Nxd4 Nf6 5. Nc3 Nc6 6. Ndb5 Bc5 7. Bf4 O-O 8. Bd6 b6 9. Qd2 a6 10. Bxc5 bxc5 11. Nd6 Rb8 12. b3 Qc7 13. f3 Nd4 14. Nxc8 Qxc8 15. Ne2 d5 16. Nxd4 cxd4 17. e5 Nd7 18. f4 f6 19. exf6 Nxf6 20. Qxd4 Qxc2 21. Qd2 Qe4+ 22. Be2 Qxg2 23. Rf1 Ne4 24. Qe3 Rbc8 25. Bd3 Rc3 26. Rd1 Qxh2 27. Qg1 Qh4+ 28. Ke2 Rxf4 29. Rxf4 Qxf4 30. Qe3 Qxe3+ 31. Kxe3 Nc5 32. b4 Rxd3+ 33. Rxd3 Nxd3 34. Kxd3 Kf7 35. Kd4 Ke7 36. Kc5 h5 37. a4 h4 38. b5 axb5 39. axb5 h3 0-1

[Event "*** Titled Tuesday Blitz"]
[Site "Chess.com"]
[Date "2020.05.19"]
[Round "10"]
[White "Pavel_Mir"]
[Black "zajka-molotok"]
[Result "0-1"]
[WhiteElo "2200"]
[BlackElo "2335"]
[TimeControl "180+1"]
[EndTime "13:56:49 PDT"]
[Termination "zajka-molotok won by resignation"]

1. e4 e5 2. Nf3 Nc6 3. Nc3 Nf6 4. g3 Bc5 5. Bg2 d6 6. d3 h6 7. O-O O-O 8. Na4 Bb4 9. a3 Ba5 10. b4 Bb6 11. Bb2 Be6 12. Nxb6 axb6 13. c4 Nd7 14.
Rc1 f5 15. exf5 Bxf5 16. d4 e4 17. Nh4 Bh7 18. b5 Ne7 19. Bh3 Nf6 20. d5 Nd7 21.
Be6+ Kh8 22. Qg4 Ne5 23. Qe2 Nd3 24. Bd4 Nxc1 25. Rxc1 Nf5 26. Nxf5 Bxf5 27. Qh5 Qg5 28. Qd1 Bxe6 29. dxe6 Rae8 30. h4 Qg6 31. Qd2 Rxe6 32.
Qe3 Rf3 33. Qd2 Rxa3 34. Re1 Rf3 35. Re2 Re8 36. Qc2 Kh7 37. Qd1 Qg4 38. Qf1 Ref8 39. Qg2 Qf5 40. g4 Qf4 41. h5 Re8 42. Be3 Qf7 43.
Rd2 Qxc4 44. g5 hxg5 45. Qxg5 Qf7 46. Rd5 Re5 47. Rxe5 dxe5 48. Qxe5 Rf5 49. Qxe4 Qxh5 50. Qxb7 Qg4+ 51. Kf1 Rxb5 52. Qxc7 Rb1+ 53. Bc1 Qd1+ 54. Kg2 Qxc1 0-1

[Event "*** Titled Tuesday Blitz"]
[Site "Chess.com"]
[Date "2020.05.19"]
[Round "10"]
[White "Ariadna_Atreides"]
[Black "ChadBiryani"]
[Result "0-1"]
[WhiteElo "2083"]
[BlackElo "2298"]
[TimeControl "180+1"]
[EndTime "13:56:49 PDT"]
[Termination "ChadBiryani won on time"]

1. d4 Nf6 2. Nf3 g6 3. c4 Bg7 4. Nc3 d6 5. e4 O-O 6. Be2 e5 7.
d5 Ne8 8. Bg5 f6 9. Bh4 Nd7 10.
Nd2 a6 11. f3 Qe7 12. O-O Qf7 13. b4 f5 14. Nb3 h6 15. c5 g5 16. Bf2 f4 17. cxd6 cxd6 18. Na4 Ndf6 19. Nb6 Rb8 20.
Nxc8 Rxc8 21. Rc1 Qd7 22. Rxc8 Qxc8 23. Qc1 Qd7 24. h3 h5 25. Qc2 g4 26. hxg4 hxg4 27. fxg4 Nxg4 28. Bxg4 Qxg4 29. Bb6 Kf7 30. Qd1 Qh4 31.
Qf3 Rh8 32. Na5 Nf6 33. Nxb7 Ng4 34. Nxd6+ Kg6 35. Qh3 Qf6 36. Qxg4+ Kh7 37. Nf5 Bf8 38. Qh5+ Kg8 39. Qg4+ Kf7 40. Kf2 Bxb4 41. Be3 Rg8 42.
Qh5+ Kf8 43. Qh6+ Qxh6 44. Nxh6 Rg6 45. Nf5 Bc3 0-1

[Event "*** Titled Tuesday Blitz"]
[Site "Chess.com"]
[Date "2020.05.19"]
[Round "10"]
[White "Shukh_Nikolay"]
[Black "bakki78"]
[Result "0-1"]
[WhiteElo "2565"]
[BlackElo "2765"]
[TimeControl "180+1"]
[EndTime "13:56:50 PDT"]
[Termination "bakki78 won on time"]

1. e4 c5 2. Nf3 Nc6 3. Nc3 d6 4. Bc4 e6 5. O-O Nf6 6. d4 cxd4 7. Nxd4 Be7 8. h3 O-O 9. Bb3 Bd7 10. Be3 Nxd4 11. Qxd4 Bc6 12. f4 b5 13. a4 bxa4 14. Bxa4 Bb7 15. Bb3 a6 16. Rfd1 Qc7 17. Bf2 Rfc8 18.
Kh2 Qc6 19. Re1 Bf8 20. Re2 Nd7 21. Ba4 Qc7 22. Bxd7 Qxd7 23. Na4 Qb5 24. Qd3 Rc6 25. c4 Qh5 26. g4 Qg6 27. b4 Rc7 28. Nb6 Rb8 29.
b5 axb5 30. cxb5 Qf6 31. Rd1 Qxf4+ 32. Bg3 Qf6 33. Bxd6 Rd8 34. Qg3 Rc3 35. e5 Rxg3 36. exf6 Rxd6 37. fxg7 Kxg7 0-1

[Event "*** Titled Tuesday Blitz"]
[Site "Chess.com"]
[Date "2020.05.19"]
[Round "10"]
[White "barbara25"]
[Black "GMCarbone"]
[Result "1/2-1/2"]
[WhiteElo "2213"]
[BlackElo "2337"]
[TimeControl "180+1"]
[EndTime "13:56:50 PDT"]
[Termination "Game drawn - insufficient material"]

1. e4 c5 2. Nf3 Nc6 3. Bb5 g6 4. O-O Bg7 5. c3 Nf6 6. Re1 O-O 7. d4 a6 8. Bxc6 dxc6 9. e5 Nd7 10. Nbd2 cxd4 11. cxd4 e6 12. Ne4 c5 13. Bg5 Qc7 14. Rc1 Qb6 15. Nxc5 Nxc5 16. Rxc5 Qxb2 17. Qc1 Qxc1 18.
Rexc1 Bd7 19. Rc7 Bc6 20. Nd2 Rfc8 21. Rxc8+ Rxc8 22. Nb3 h6 23. Be3 Rd8 24. Na5 Be4 25. Rc7 Bxe5 26. Rc4 Bg7 27. f3 Bd3 28. Rc7 Bxd4 29.
Bxd4 Rxd4 30. Nxb7 Bb5 31. Kf2 Rd2+ 32. Kg3 Rxa2 33. Nd6 Bf1 34. Nxf7 Rxg2+ 35. Kf4 Re2 36. Nxh6+ Kf8 37. Kg5 Rxh2 38. Kf6 Ke8 39. Ng4 Rh3 40.
Ne5 Kd8 41. Ra7 Bg2 42. Rxa6 Bxf3 43. Rxe6 Bh5 44. Nxg6 Rf3+ 45. Kg5 Bxg6 46. Rxg6 Rg3+ 47. Kf5 Rxg6 48. Kxg6 1/2-1/2

[Event "*** Titled Tuesday Blitz"]
[Site "Chess.com"]
[Date "2020.05.19"]
[Round "10"]
[White "Buffy7"]
[Black "Khamrakulov_Djurabek"]
[Result "0-1"]
[WhiteElo "2646"]
[BlackElo "2802"]
[TimeControl "180+1"]
[EndTime "13:56:51 PDT"]
[Termination "Khamrakulov_Djurabek won by resignation"]

1. d4 Nf6 2. c4 e6 3. Nf3 c5 4. g3 cxd4 5. Nxd4 Bb4+ 6. Bd2 Qb6 7. Bxb4 Qxb4+ 8. Qd2 Qxc4 9. Na3 Qd5 10. Nab5 O-O 11.
f3 Na6 12. Bg2 e5 13. e4 Qc5 14. Rc1 Qb6 15. Nf5 Qxb5 16. Qg5 Ne8 17. Rxc8 Rxc8 18.
Ne7+ Kh8 19. Nxc8 Nf6 20. Nd6 Qxb2 21. Qd2 Qxd2+ 22. Kxd2 b6 23. a4 Nc5 24. a5 Nb3+ 25.
Ke3 Nxa5 26. Rc1 Nc6 27. h3 Ne8 28. Nb7 Nc7 29. Nd6 Ne6 30. f4 f6 31. Bf1 Nc5 32. Bc4 g6 33. h4 Kg7 34. h5 Nd4 35. Kf2 gxh5 36. Ra1 a5 37. Rb1 Rb8 38. Rh1 b5 39. Bd5 b4 40. Rxh5 b3 41. fxe5 fxe5 42. Rxe5 Nd3+ 0-1

[Event "*** Titled Tuesday Blitz"]
[Site "Chess.com"]
[Date "2020.05.19"]
[Round "10"]
[White "TheoSlade"]
[Black "ViktoriyaTarasova"]
[Result "0-1"]
[WhiteElo "2387"]
[BlackElo "2300"]
[TimeControl "180+1"]
[EndTime "13:56:51 PDT"]
[Termination "ViktoriyaTarasova won on time"]

1. d4 Nf6 2. c4 e6 3. g3 c5 4. d5 exd5 5. cxd5 g6 6. Nc3 Bg7 7. Bg2 O-O 8. Nf3 d6 9. O-O a6 10. a4 Nbd7 11. Bf4 Qc7 12. Nd2 Nh5 13. Bg5 Rb8 14. a5 h6 15. Be3 b5 16. axb6 Nxb6 17.
Bf3 Nf6 18. Qc2 Bf5 19. Qd1 Rfe8 20. Rxa6 Rxe3 21. fxe3 Qe7 22. e4 Bh3 23. Rf2 Ng4 24. Bxg4 Bxg4 25. Rf4 Bc8 26. Ra1 Bd4+ 27. Kg2 Qd7 28. Nf3 Bg7 29. Nd2 Qh3+ 30. Kh1 g5 31. Rf3 Bg4 32. Rf1 Qh5 33. Nf3 Nc4 34. Qa4 Nxb2 35. Qc6 Bxc3 36. Qxd6 Re8 37. Qxc5 Bg7 38. Qb4 Qg6 39. Ra2 Qxe4 40. Rxb2 Bxb2 41. Qxb2 Qxd5 42.
Kg2 Qe6 43. Rf2 Bh3+ 44. Kg1 Qe3 45. Qd2 Qe7 46. Nd4 Rd8 47. Qc3 Rc8 48. Qb2 Qe3 49.
Nc2 Qd2 0-1

[Event "*** Titled Tuesday Blitz"]
[Site "Chess.com"]
[Date "2020.05.19"]
[Round "10"]
[White "WPWPWP-2015"]
[Black "Last7Samurai"]
[Result "1-0"]
[WhiteElo "2437"]
[BlackElo "2770"]
[TimeControl "180+1"]
[EndTime "13:56:52 PDT"]
[Termination "WPWPWP-2015 won by resignation"]

1. e4 b6 2. d4 Bb7 3. Nc3 g6 4. Nf3 Bg7 5. h4 h6 6. h5 g5 7. Be3 e6 8. Qd2 d6 9. O-O-O Nd7 10. Bd3 a6 11. Kb1 b5 12. Ne2 Ne7 13. Nh2 c5 14. c3 c4 15. Bc2 d5 16. f4 dxe4 17.
fxg5 Nf5 18. g6 fxg6 19. Nf4 Qb6 20. Nxg6 Rg8 21. Rhe1 O-O-O 22. Bf4 e5 23. g4 exf4 24.
gxf5 e3 25. Qe2 Kb8 26. Nxf4 b4 27. Qxc4 bxc3 28. Qxc3 Rc8 29. Qb3 Qc7 30. Be4 Nb6 31.
Bxb7 Qxb7 32. Rxe3 Ka7 33. Ne6 Bf6 34. Nf3 Rg2 35.
Nc5 Qc7 36. Qa3 Kb8 37. Nxa6+ 1-0

[Event "*** Titled Tuesday Blitz"]
[Site "Chess.com"]
[Date "2020.05.19"]
[Round "10"]
[White "nitpicker"]
[Black "ZverevLev"]
[Result "0-1"]
[WhiteElo "2314"]
[BlackElo "2197"]
[TimeControl "180+1"]
[EndTime "13:56:52 PDT"]
[Termination "ZverevLev won on time"]

1. d4 Nf6 2. c4 e6 3. g3 d5 4. Nf3 dxc4 5. Bg2 a6 6. O-O Nc6 7. e3 Rb8 8. Nfd2 e5 9. Nxc4 exd4 10. b3 Be6 11. Bb2 Bc5 12. Bxc6+ bxc6 13. exd4 Ba7 14. Ne5 Bd5 15. Nc3 O-O 16. Nxd5 Qxd5 17. Rc1 c5 18. Ba3 cxd4 19. Bxf8 Qxe5 20. Ba3 c5 21. Re1 Qd5 22.
Qd3 h6 23. Qxa6 Ra8 24. Qc4 Qxc4 25. Rxc4 Nd7 26. Re7 Rd8 27. b4 d3 28. Re1 cxb4 29. Bxb4 Nb6 30. Rc7 Nd5 31. Rxa7 Nxb4 32. Rd1 d2 33.
Kf1 Nc2 34. Ra4 f5 35. Ke2 Nd4+ 36. Kxd2 Nb5+ 37. Ke2 Nc3+ 38. Kf3 Rxd1 39. Ra8+ Kf7 40. a4 Ra1 41. a5 g5 0-1

[Event "*** Titled Tuesday Blitz"]
[Site "Chess.com"]
[Date "2020.05.19"]
[Round "10"]
[White "BocharovD"]
[Black "gilbert_gm"]
[Result "1/2-1/2"]
[WhiteElo "2835"]
[BlackElo "2619"]
[TimeControl "180+1"]
[EndTime "13:56:53 PDT"]
[Termination "Game drawn by agreement"]

1. d4 Nf6 2. c3 d5 3. Bf4 c6 4. e3 Bg4 5. Qb3 Qb6 6. Nd2 Nbd7 7.
Ngf3 Bxf3 8. Nxf3 e6 9. h3 Be7 10. Bd3 O-O 11. O-O c5 12. Qc2 Rac8 13. Ne5 Nxe5 14.
Bxe5 c4 15. Be2 Nd7 16. Bg3 Bd6 17. Bxd6 Qxd6 18. e4 b5 19. Rae1 a5 20. exd5 exd5 21. Bg4 g6 22. Re3 f5 23. Bf3 Rce8 24. Rfe1 Nf6 25. Re5 Ne4 26. Bxe4 fxe4 27. Rxe8 Rxe8 28. Qd2 Rf8 29. Re3 Qf4 30. Qe2 b4 31. f3 bxc3 32.
bxc3 exf3 33. Rxf3 Qc1+ 34. Kh2 Rxf3 35. Qxf3 Qg5 36. a4 h5 37. Qg3 Qf6 38. Qb8+ Kh7 39.
Qb7+ Kh6 40. Qc7 h4 41. Kg1 Qg5 42. Qxa5 Qc1+ 43. Kf2 Qd2+ 44. Kg1 Qe1+ 45. Kh2 Qg3+ 46. Kg1 Qe1+ 47. Kh2 Qg3+ 48. Kg1 1/2-1/2

[Event "*** Titled Tuesday Blitz"]
[Site "Chess.com"]
[Date "2020.05.19"]
[Round "10"]
[White "PavelShkapenko"]
[Black "Pittiplatsh"]
[Result "1/2-1/2"]
[WhiteElo "2659"]
[BlackElo "2558"]
[TimeControl "180+1"]
[EndTime "13:56:53 PDT"]
[Termination "Game drawn by agreement"]

1. e4 c5 2. c3 Nf6 3. e5 Nd5 4.
d4 cxd4 5. cxd4 d6 6. Nf3 Nc6 7. Bc4 dxe5 8. Nxe5 e6 9. O-O Be7 10. Nf3 O-O 11. Nc3 Bf6 12. Ne4 Be7 13. Re1 b6 14. Nc3 Bb7 15. Nxd5 exd5 16. Bb3 Bf6 17. Bf4 Rc8 18. Ne5 Na5 19. Bc2 Nc4 20. Rb1 Nd6 21.
Qd3 g6 22. Ba4 Rc7 23. Bh6 Bg7 24. Bxg7 Kxg7 25. Rbc1 Nc4 26. Rc2 Qd6 27. b3 Nxe5 28. dxe5 Qe7 29. Rxc7 Qxc7 30. Qd4 Kg8 31. h3 Qc5 32.
Rd1 Rc8 33. Bd7 Qxd4 34. Rxd4 Rc2 35. e6 fxe6 36. Bxe6+ Kg7 37. a4 Rc6 38. Bg4 Rc3 39. Bf3 Rxb3 40. Bxd5 Bxd5 41. Rxd5 a5 42. g4 Rb4 43.
Rd6 Rxa4 44. Rxb6 Ra3 45. Kg2 a4 46. Ra6 g5 47. f3 1/2-1/2

[Event "*** Titled Tuesday Blitz"]
[Site "Chess.com"]
[Date "2020.05.19"]
[Round "10"]
[White "BogdanDeac"]
[Black "Raja3401"]
[Result "1/2-1/2"]
[WhiteElo "2964"]
[BlackElo "2750"]
[TimeControl "180+1"]
[EndTime "13:56:54 PDT"]
[Termination "Game drawn by agreement"]

1. d4 Nf6 2. c4 e6 3. Nf3 d5 4.
g3 Be7 5. Bg2 O-O 6. O-O dxc4 7.
Qc2 a6 8. a4 Bd7 9. Qxc4 Bc6 10. Bg5 Nbd7 11. Nc3 h6 12. Bxf6 Nxf6 13. a5 Bd5 14.
Qd3 Bxf3 15. Bxf3 c6 16. Qc4 Rc8 17. Rfd1 Qc7 18. e4 Rfd8 19. e5 Nd5 20. Bg2 g6 21.
Rdc1 Kg7 22. Nxd5 exd5 23. Qc3 c5 24. Qb3 Qd7 25. Rd1 c4 26. Qe3 Qb5 27. e6 fxe6 28.
Qxe6 Bf6 29. Rd2 Qc6 30. Qe3 c3 31. bxc3 Qxc3 32. Rb1 Qxe3 33. fxe3 Rc7 34. Rdb2 Rdd7 35. Kf2 h5 36. Ke2 Bg5 37. Kd3 Re7 38. Re2 Rcd7 39. h4 Bh6 40. Rc1 Rd6 41. Rc5 Rde6 42. Bxd5 Rxe3+ 43. Rxe3 Rxe3+ 44. Kc4 Rxg3 45. Bxb7 Bd2 46.
Bxa6 Ra3 47. Rc7+ Kh6 48. Bb5 Rxa5 49. d5 Bf4 50. Rf7 Bg3 51. Rf3 Bxh4 52. d6 Ra1 1/2-1/2

[Event "*** Titled Tuesday Blitz"]
[Site "Chess.com"]
[Date "2020.05.19"]
[Round "10"]
[White "MikeKorovin"]
[Black "Sychev_Klementy"]
[Result "0-1"]
[WhiteElo "2654"]
[BlackElo "2844"]
[TimeControl "180+1"]
[EndTime "13:56:54 PDT"]
[Termination "Sychev_Klementy won on time"]

1. Nf3 Nf6 2. d4 g6 3. Nc3 d5 4.
Bf4 Bg7 5. Nb5 Na6 6. e3 c6 7. Nc3 Nb8 8. Be2 O-O 9. h4 h6 10. Ne5 Nbd7 11. g4 Nxe5 12. Bxe5 Qb6 13. g5 hxg5 14. hxg5 Ne4 15. Bxg7 Kxg7 16. Nxe4 dxe4 17. b3 Qa5+ 18. Qd2 Qxg5 19. O-O-O Bf5 20. d5 Qf6 21. Kb1 Rad8 22. Qa5 Rxd5 23. Rxd5 cxd5 24. Qxd5 b6 25. Qb7 Rd8 26. Qc7 e5 27. Qxa7 Rd2 28. Qb8 Rd8 29.
Qc7 Rc8 30. Qa7 Be6 31. Bd1 Qxf2 32. Qxb6 g5 33. Qb4 g4 0-1

[Event "*** Titled Tuesday Blitz"]
[Site "Chess.com"]
[Date "2020.05.19"]
[Round "10"]
[White "ajian"]
[Black "L_lorenzo"]
[Result "0-1"]
[WhiteElo "2302"]
[BlackElo "2050"]
[TimeControl "180+1"]
[EndTime "13:56:54 PDT"]
[Termination "L_lorenzo won on time"]

1. d4 Nf6 2. c4 d6 3. Nc3 Nbd7 4.
e4 e5 5. Nf3 Be7 6. Be2 O-O 7.
O-O c6 8. h3 a6 9. Be3 b5 10.
cxb5 axb5 11. a3 Bb7 12. Rc1 Re8 13. Nh4 exd4 14. Bxd4 c5 15. Bxf6 Nxf6 16. Bxb5 Rf8 17. Nf5 Nxe4 18. Qg4 Ng5 19. Rfe1 Bf6 20. h4 Ne6 21. Rcd1 Nd4 22. Nxd4 Bxd4 23. Bc4 d5 24. Bd3 Bf6 25. Qf5 g6 26. Qg4 Bxh4 27. Be4 f5 28.
Qxh4 Qxh4 29. Bxd5+ Bxd5 30. Nxd5 Kh8 31. g3 Qh6 32. Nf4 Rad8 33. Rc1 Rfe8 34. Rf1 Re5 35. Kg2 Rd2 36. Rh1 Qg7 37. b4 Qb7+ 38. Kh2 cxb4 0-1

[Event "*** Titled Tuesday Blitz"]
[Site "Chess.com"]
[Date "2020.05.19"]
[Round "10"]
[White "2008king"]
[Black "sopo-tereladze"]
[Result "1/2-1/2"]
[WhiteElo "2101"]
[BlackElo "2320"]
[TimeControl "180+1"]
[EndTime "13:56:55 PDT"]
[Termination "Game drawn by repetition"]

1. e4 e5 2. Nf3 Nc6 3. d4 exd4 4. Nxd4 Nf6 5. Nxc6 bxc6 6. e5 Qe7 7. Qe2 Nd5 8.
h4 d6 9. c4 Nb6 10. exd6 Qxe2+ 11. Bxe2 cxd6 12. Nc3 Be6 13. b3 Be7 14. Bb2 Bf6 15. O-O-O O-O-O 16. Ne4 Bxb2+ 17. Kxb2 Kc7 18. c5 dxc5 19.
Nxc5 Bd5 20. f3 Nd7 21. Na6+ Kb6 22. Nb4 Nf6 23. Nxd5+ cxd5 24. Rd4 Rd6 25. Rhd1 a5 26. g4 Re8 27. Bc4 Red8 28. g5 Nh5 29. Rxd5 Rxd5 30. Rxd5 Rxd5 31. Bxd5 f6 32. Bf7 Nf4 33. gxf6 gxf6 34.
Kc3 Kc5 35. a3 Ne2+ 36. Kd3 Ng3 37. h5 Nf5 38. Kc3 Nd6 39. b4+ axb4+ 40. axb4+ Kc6 41. Bg8 h6 42. Bh7 Kd5 43. Bg6 Ke5 44. Kd3 Kd5 45.
f4 Nb5 46. Bf7+ Kd6 47. Kc4 Na3+ 48. Kb3 Nb5 49. Kc4 Na3+ 50. Kd3 Nb5 51. Be8 Nc7 52. Bf7 Nb5 1/2-1/2

[Event "*** Titled Tuesday Blitz"]
[Site "Chess.com"]
[Date "2020.05.19"]
[Round "10"]
[White "jucAxx"]
[Black "JLRHei"]
[Result "0-1"]
[WhiteElo "2099"]
[BlackElo "2321"]
[TimeControl "180+1"]
[EndTime "13:56:55 PDT"]
[Termination "JLRHei won by resignation"]

1. e4 c5 2. c3 d5 3. exd5 Qxd5 4.
d4 Nf6 5. Nf3 e6 6. Be2 Be7 7. Na3 O-O 8. O-O Nc6 9. Nc2 Rd8 10.
Bg5 Bd7 11. Ne3 Qd6 12. Qb3 cxd4 13. cxd4 Nxd4 14. Nxd4 Qxd4 15. Rfd1 Qe5 16. Bxf6 Bxf6 17. Ng4 Qxb2 18. Nxf6+ Qxf6 19. Qxb7 Be8 20. h3 a5 21.
Bf3 Rab8 22. Qc7 a4 23. Rac1 g6 24. Qa5 Rdc8 25. Rxc8 Rxc8 26. Qa6 Rd8 27. Rxd8 Qxd8 28. a3 Kg7 29. Qc4 Qf6 30. Bc6 Qa1+ 31. Kh2 Bxc6 32.
Qxc6 Qxa3 33. Qe4 Qd6+ 34. g3 a3 35. Qc2 Qd4 36. Kg2 Qb2 0-1

[Event "*** Titled Tuesday Blitz"]
[Site "Chess.com"]
[Date "2020.05.19"]
[Round "10"]
[White "dretch"]
[Black "GlennTipton"]
[Result "1-0"]
[WhiteElo "2779"]
[BlackElo "2526"]
[TimeControl "180+1"]
[EndTime "13:56:56 PDT"]
[Termination "dretch won by resignation"]

1. d4 Nf6 2. c4 c5 3. d5 e6 4.
Nc3 exd5 5. cxd5 d6 6. e4 g6 7. h3 Bg7 8. Nf3 O-O 9. Bd3 a6 10. a4 Nh5 11. O-O Nd7 12. Re1 Ne5 13. Be2 Nxf3+ 14. Bxf3 Qh4 15. Bxh5 gxh5 16. Qd2 f5 17. Qg5 Qxg5 18. Bxg5 Re8 19. Bf4 Bf8 20. e5 dxe5 21.
Bxe5 Bd7 22. a5 Kf7 23. Re3 c4 24. d6 Bc6 25. Ne2 Rad8 26. Rd1 h4 27. Rd4 Bh6 28. Bf4 Bxf4 29. Nxf4 Rxe3 30. fxe3 Kf6 31. Rxc4 Rxd6 32. Rd4 Ke7 33. Kf2 Be4 34. Ne2 Rxd4 35. exd4 Kd6 36. Nc3 Ke6 37. g3 hxg3+ 38. Kxg3 Bc6 39.
Kf4 Bg2 40. h4 h6 41. Nd1 Kd5 42. Ne3+ Kxd4 43. Nxg2 Kd3 44. Ne3 Kd4 45. Nxf5+ Kc5 46. Nxh6 1-0